Map: Newkirk Precinct TE (Void)

Players

grub

  • Race: Zerg Zerg
  • League: Diamond
  • Spawn Location: 7:00

Trizztein - Winner!

  • Race: Terran Terran
  • League: Diamond
  • Spawn Location: 5:00

VOD

Have the link to the VOD?

Description

Time

  • Played on: Dec. 16, 2016, 10:28 a.m.
  • Length: 16:57
Show
View Real Time Build Order
Export as new Build Order

grub Zerg 

Build Orders: Hatch First 

Get SALT Encoding   

  12  0:02  Drone  
  13  0:14  Overlord  
  13  0:18  Drone  
  14  0:25  Extractor  
  14  0:26  Drone  
  15  0:34  Drone  
  16  0:37  Drone  
  17  0:56  Hatchery  
  16  1:00  Drone  
  17  1:14  Spawning Pool  
  17  1:15  Drone  
  17  1:18  Drone  
  18  1:21  Extractor  
  18  1:23  Drone  
  18  1:30  Drone  
  19  1:43  Overlord  
  19  2:05  Queen  
  21  2:14  Drone x4  
  25  2:17  Queen  
  25  2:19  Zergling x2  
  28  2:24  Metabolic Boost  
  28  2:31  Spore Crawler  
  28  2:36  Zergling x4  
  29  2:55  Drone x2  
  31  3:07  Drone x4  
  35  3:16  Overlord  
  35  3:26  Drone  
  36  3:27  Overlord  
  36  3:29  Overlord  
  36  3:34  Hatchery  
  35  3:45  Drone x2  
  35  3:46  Drone  
  35  3:47  Drone x3  
  41  3:49  Queen  
  43  3:56  Drone  
  43  3:59  Drone  
  43  4:00  Drone x3  
  48  4:05  Baneling Nest  
  48  4:07  Lair  
  47  4:15  Overlord  
  47  4:16  Overlord  
  47  4:28  Zergling x2  
  47  4:29  Zergling x8  
  52  4:44  Zergling x8  
  56  4:49  Drone  
  60  4:52  Zergling x2  
  60  4:59  Drone x5  
  65  5:01  Overlord x3  
  65  5:07  Centrifical Hooks  
  65  5:10  Drone x3  
  68  5:21  Baneling x3  
  56  5:41  Drone x6  
  56  5:42  Drone x6  
  65  5:49  Spore Crawler  
  64  5:52  Overseer  
  63  6:03  Extractor x2, Overseer  
  60  6:17  Extractor x2, Drone x6  
  64  6:24  Overlord x2  
  64  6:25  Overlord, Extractor, Hatchery, Queen x2  
  66  6:35  Hatchery  
  66  6:37  Evolution Chamber  
  66  6:38  Evolution Chamber  
  60  6:44  Drone x3  
  62  6:51  Drone x2  
  64  7:00  Drone x4  
  64  7:01  Drone  
  69  7:05  Spire  
  68  7:20  Zerg Melee Weapons Level 1, Zerg Ground Armor Level 1  
  68  7:24  Queen x2  
  68  7:26  Overlord x3  
  72  7:31  Zergling x4  
  72  7:34  Zergling x6  
  77  7:40  Zergling x4  
  79  7:50  Pneumatized Carapace  
  79  7:57  Zergling x10  
  79  7:58  Infestation Pit, Zergling x4  
  86  8:02  Baneling x4  
  86  8:03  Baneling x11  
  85  8:35  Drone x2  
  85  8:36  Drone x12  
  99  8:51  Hive  
  99  8:59  Zergling x2  
  99  9:00  Zergling x26  
  113  9:05  Extractor  
  113  9:06  Extractor  
  108  9:25  Drone  
  108  9:26  Drone x13  
  117  9:32  Drone x4  
  117  9:33  Drone x4  
  117  9:37  Overlord  
  117  9:38  Overlord x2  
  125  9:53  Zergling x2  
  125  9:54  Zergling x10  
  131  10:03  Zergling x8  
  131  10:04  Zergling x2  
  131  10:05  Baneling  
  131  10:06  Baneling x8  
  136  10:14  Greater Spire  
  136  10:17  Zerg Ground Armor Level 2  
  136  10:20  Zerg Melee Weapons Level 2  
  136  10:23  Zergling x8  
  136  10:24  Zergling x16  
  148  10:28  Queen x2  
  148  10:29  Queen x2  
  156  10:39  Corruptor x4  
  156  10:40  Corruptor  
  156  10:42  Overlord x5  
  166  10:43  Overlord  
  166  10:47  Hatchery  
  165  11:07  Corruptor  
  165  11:08  Corruptor x4  
  175  11:18  Baneling x2  
  175  11:19  Baneling x7  
  175  11:20  Baneling  
  175  11:25  Brood Lord  
  175  11:26  Brood Lord x4  
  127  11:44  Brood Lord x4  
  127  11:46  Zergling x20  
  127  11:47  Zergling x4  
  143  11:59  Hatchery  
  140  12:16  Brood Lord  
  142  12:31  Hatchery  
  142  12:35  Hatchery  
  140  12:42  Zerg Melee Weapons Level 3  
  135  13:27  Hatchery  
  135  13:33  Corruptor x5  
  140  14:04  Baneling  
  140  14:05  Baneling x16  
  98  14:43  Zergling x26  
  98  14:44  Zergling x18  
  82  15:16  Extractor  
  81  15:24  Spore Crawler  
  81  15:25  Spore Crawler  
  81  15:26  Hatchery  
  78  15:37  Hatchery  
  77  16:15  Corruptor x6  
  89  16:44  Spore Crawler  
  89  16:45  Spore Crawler  
Show
View Real Time Build Order
Export as new Build Order

Trizztein Terran - Winner!

Build Orders: Reaper Expand, Hellion Banshee, Mech 

Get SALT Encoding   

  12  0:02  SCV  
  13  0:14  SCV  
  13  0:19  Supply Depot  
  14  0:26  SCV  
  15  0:41  SCV  
  15  0:42  Barracks  
  16  0:45  Refinery  
  16  0:53  SCV  
  17  1:05  SCV  
  18  1:17  SCV  
  19  1:29  Orbital Command  
  19  1:30  Reaper  
  20  1:42  Command Center  
  20  1:56  SCV  
  20  1:59  Supply Depot  
  21  2:02  Marine  
  22  2:09  SCV  
  22  2:13  Factory  
  23  2:15  Refinery  
  23  2:28  SCV  
  23  2:29  Barracks Reactor  
  24  2:40  SCV  
  25  2:52  SCV  
  25  2:56  Orbital Command  
  26  3:04  SCV  
  27  3:11  Starport  
  27  3:12  Hellion x2  
  31  3:16  SCV  
  32  3:24  Barracks Tech Lab  
  32  3:27  SCV  
  32  3:28  SCV  
  34  3:35  Hellion x2  
  34  3:36  Supply Depot  
  34  3:39  SCV  
  34  3:41  SCV  
  40  3:51  SCV  
  40  3:53  SCV  
  42  3:56  Armory  
  42  4:00  Supply Depot  
  46  4:02  Hellion  
  46  4:03  Hellion, SCV  
  46  4:04  Banshee  
  46  4:07  Cloaking Field  
  50  4:10  SCV  
  50  4:16  SCV  
  52  4:22  SCV  
  53  4:24  Supply Depot  
  53  4:29  SCV  
  54  4:34  Supply Depot, SCV  
  55  4:39  Command Center  
  55  4:41  SCV  
  55  4:44  Supply Depot  
  56  4:46  SCV, Refinery  
  56  4:49  Refinery  
  57  4:53  SCV  
  57  4:54  Banshee  
  57  4:58  SCV  
  62  5:00  Barracks Reactor  
  62  5:05  SCV  
  63  5:08  Factory  
  63  5:10  SCV  
  64  5:17  SCV  
  65  5:22  SCV  
  66  5:30  SCV  
  66  5:33  Factory  
  66  5:34  SCV  
  62  5:42  SCV  
  58  5:47  SCV  
  58  5:49  Banshee  
  60  5:54  SCV  
  61  5:59  SCV  
  61  6:03  Supply Depot x2  
  62  6:04  Engineering Bay  
  62  6:06  SCV  
  62  6:07  Orbital Command  
  62  6:11  SCV  
  64  6:17  Factory Tech Lab  
  64  6:18  SCV  
  62  6:20  Cyclone x3  
  62  6:21  Hellion  
  62  6:23  SCV  
  62  6:25  Supply Depot  
  74  6:26  Supply Depot  
  74  6:27  Terran Vehicle Weapons Level 1  
  74  6:30  SCV  
  74  6:32  Raven  
  77  6:39  SCV  
  79  6:42  SCV  
  79  6:43  Hellion  
  79  6:46  Orbital Command  
  81  6:51  SCV  
  82  6:54  Supply Depot, SCV  
  82  6:55  Supply Depot  
  82  7:01  Supply Depot  
  83  7:02  Supply Depot  
  83  7:03  Missile Turret  
  83  7:04  Missile Turret  
  83  7:06  Refinery, Cyclone x3  
  92  7:08  Missile Turret  
  92  7:10  Missile Turret  
  92  7:13  SCV x3  
  92  7:14  Refinery  
  95  7:16  Hellion  
  97  7:24  Supply Depot  
  97  7:25  Armory, SCV  
  97  7:27  Supply Depot, Starport Reactor, SCV  
  97  7:29  SCV  
  100  7:31  Siege Tank  
  103  7:37  SCV  
  103  7:39  SCV  
  103  7:42  SCV  
  106  7:49  Supply Depot, SCV  
  107  7:51  SCV  
  107  7:54  SCV  
  109  8:00  Cyclone x3  
  109  8:02  SCV  
  109  8:04  SCV  
  109  8:05  Thor  
  120  8:06  SCV  
  127  8:12  Missile Turret  
  127  8:15  Missile Turret  
  127  8:16  Terran Vehicle And Ship Armor Level 1  
  127  8:17  Infernal Pre-Igniter  
  127  8:19  Hellion  
  129  8:24  Command Center  
  129  8:25  Terran Vehicle Weapons Level 2  
  127  8:32  Hellion  
  129  8:37  Cyclone x2  
  129  8:38  Supply Depot  
  135  8:41  Barracks Tech Lab  
  135  8:42  Factory  
  135  8:44  Factory  
  135  8:52  Thor, Supply Depot  
  141  9:12  Hellion x3  
  141  9:13  Cyclone  
  150  9:19  Hi-Sec Auto Tracking, Supply Depot, Refinery  
  150  9:22  Missile Turret  
  150  9:23  Refinery  
  150  9:25  Missile Turret x2  
  140  9:33  Factory Reactor, Cyclone x2  
  140  9:36  Factory Tech Lab  
  146  9:39  Thor  
  146  9:40  Hellion x2  
  146  9:41  Planetary Fortress  
  156  9:56  Hellion x2  
  156  9:59  SCV x3  
  163  10:11  SCV x3  
  163  10:12  Cyclone  
  163  10:13  Siege Tank  
  172  10:18  Siege Tank  
  175  10:21  Command Center  
  175  10:23  SCV, Cyclone x2  
  175  10:27  Sensor Tower, Thor  
  175  10:28  Command Center x2  
  188  10:32  Terran Vehicle And Ship Armor Level 2  
  188  10:54  Liberator  
  188  11:00  Factory Tech Lab  
  188  11:10  Viking  
  193  11:17  Starport  
  193  11:23  Liberator  
  193  11:29  Siege Tank x2  
  193  11:30  Terran Vehicle Weapons Level 3  
  199  11:38  Hellion x2  
  199  11:39  Hellion x3  
  182  12:00  Siege Tank  
  185  12:07  Hellion, Siege Tank x2  
  193  12:10  Starport Reactor  
  193  12:13  Fusion Core  
  193  12:17  Starport  
  193  12:23  Starport  
  193  12:32  Thor  
  199  12:46  Refinery  
  199  12:51  Refinery  
  199  13:12  Planetary Fortress  
  199  13:20  Starport Tech Lab  
  190  13:33  Viking x2  
  190  13:34  Viking x3  
  198  13:38  Missile Turret x2  
  198  13:41  Missile Turret  
  200  13:44  Planetary Fortress  
  200  13:45  Planetary Fortress  
  200  13:49  Refinery  
  200  13:54  Refinery  
  166  14:35  Viking x5  
  166  14:36  Viking  
  135  14:52  Terran Ship Weapons Level 1  
  130  14:56  Hellion x4  
  130  14:57  Thor x3  
  156  15:05  Viking x5  
  156  15:06  Viking  
  158  15:17  Hellion x4  
  166  15:35  Viking  
  168  15:38  Cyclone x2  
  174  15:55  Liberator  
  174  15:58  Siege Tank x2  
  174  15:59  Cyclone x2  
  174  16:00  Cyclone  
  189  16:13  Viking  
Tags
 
Add a new tag
Caveats
  • Supply blocks, unpowered buildings, or Contaminate may cause inaccurate times.
  • Supply counts are checked every 10 seconds.